 Dungeon Crawl Stone Soup version 0.28.0 (webtiles) character file.

Game seed: 1054988030683925528

251 asishallab the Shield-Bearer (level 5, -7/45 HPs)
             Began as a Draconian Fighter on Feb 6, 2022.
             Mangled by a scorpion (8 damage)
             ... on level 4 of the Dungeon.
             The game lasted 00:04:39 (3026 turns).

asishallab the Shield-Bearer (Draconian Fighter)    Turns: 3026, Time: 00:04:39

Health: -7/45      AC:  6    Str: 20    XL:     5   Next: 88%
Magic:  7/7        EV: 12    Int:  8    God:
Gold:   149        SH:  0    Dex: 11    Spells: 7/7 levels left

rFire   . . .      SeeInvis .   a - +0 war axe
rCold   . . .      Faith    .   b - +0 buckler
rNeg    . . .      Spirit   .   (armour unavailable)
rPois   .          Reflect  .   (helmet restricted)
rElec   .          Harm     .   (no cloak)
rCorr   .          Rampage  .   (no gloves)
Will    .....                   h - +0 pair of boots
Stlth   +.........              (no amulet)
HPRegen 0.15/turn               (no ring)
MPRegen 0.10/turn               (no ring)

@: confused, mighty, lethally poisoned (-7 -> -20)
A: AC +5, unfitting armour, cold-blooded
a: no special abilities


You were on level 4 of the Dungeon.
You visited 1 branch of the dungeon, and saw 4 of its levels.

You collected 149 gold pieces.

Inventory:

Hand Weapons
 a - a +0 war axe (weapon)
Missiles
 p - a boomerang (quivered)
Armour
 b - a +0 buckler (worn)
 h - a +0 pair of boots (worn)
Jewellery
 j - a ring of protection from cold
 k - the ring "Gianowev" {Wiz Int+5}
   (You found it on level 2 of the Dungeon)

   [ring of wizardry]

   It improves your spell success rate.
   Int:       It affects your intelligence (+5).
Scrolls
 d - a scroll of blinking {unknown}
 e - 3 scrolls of teleportation {unknown}
 f - 2 scrolls of identify {unknown}
 i - a scroll of noise {unknown}
 o - a scroll of magic mapping {unknown}
Potions
 c - a potion of might
 g - a potion of magic {unknown}
 l - a potion of ambrosia {unknown}
 m - a potion of haste {unknown}
 n - a potion of mutation {unknown}


   Skills:
 - Level 3.2 Fighting
 * Level 3.9 Axes
 + Level 3.4 Dodging
 * Level 4.4 Shields
 + Level 1.9 Spellcasting


You had 7 spell levels left.
You didn't know any spells.
Your spell library was empty.

Dungeon Overview and Level Annotations

Branches:
Dungeon (4/15)             Temple (0/1) D:4

Altars:


Innate Abilities, Weirdness & Mutations

Your plain brown scales are hard. (AC +5)
You cannot fit into any form of body armour.
You are cold-blooded and may be slowed by cold attacks.


Message History

You kill the hobgoblin!
You hit the adder skeleton. You block the adder skeleton's attack.
You slash the adder skeleton!
You destroy the adder skeleton!
You barely miss the scorpion. The scorpion stings you.
The scorpion barely misses you. The scorpion stings you.
You hit the scorpion but do no damage. You barely miss the scorpion.
The scorpion misses you.
An orc wizard comes into view. It is wielding a +0 dagger.
The scorpion stings you but does no damage.
You hit the scorpion but do no damage. You hit the scorpion.
You block the scorpion's attack. The scorpion closely misses you.
The scorpion barely misses you. x2
You hit the scorpion but do no damage. You tail-slap the scorpion.
The scorpion is lightly wounded.
You hit the scorpion. The scorpion stings you!
You are poisoned.
The scorpion poisons you!
The scorpion stings you but does no damage.
The orc wizard points at you and mumbles some strange words.
You are confused.
The scorpion closely misses you.
You are too confused!
Unknown command.
You are too confused!
Unknown command.
You miss the scorpion.
The scorpion is lightly wounded.
You closely miss the scorpion.
You feel very sick. The scorpion stings you. x2
* * * LOW HITPOINT WARNING * * *
You are lethally poisoned!
The scorpion poisons you! The scorpion stings you.
* * * LOW HITPOINT WARNING * * *
You feel very mighty all of a sudden.
* * * LOW HITPOINT WARNING * * *
You feel very sick. The scorpion stings you!
You die...

...........
#.......os. ...
##.#)....... ..
#........... ..
##....s###... .. .
#......#
...##.##.....###
......#.#..#oss#
.......<##...#@#
.....##..#..##....o..>
... ##...###....P#.. .
##..# ......#
#............P
#............#.
#..#........##
..##........# ##.
......


You could see 2 scorpions, an orc wizard and an orc.

Vanquished Creatures
  A kobold brigand (D:3)
  Robin (D:2)
  3 gnolls (D:2)
  A howler monkey skeleton (D:3)
  2 adders (D:3)
  An adder skeleton (D:4)
  3 worms
  2 dart slugs (D:1)
  6 orcs (D:3)
  3 ball pythons
  5 endoplasms
  2 giant cockroaches (D:2)
  9 goblins
  8 hobgoblins
  10 jackals
  3 quokkas
  6 bats
  2 frilled lizards
  15 kobolds
  5 rats
88 creatures vanquished.

Notes
Turn   | Place    | Note
-------+----------+-------------------------------------------
     0 | D:1      | asishallab the Draconian Fighter began the quest for the
                  | Orb.
     0 | D:1      | Reached XP level 1. HP: 19/19 MP: 1/1
    92 | D:1      | Reached XP level 2. HP: 26/26 MP: 2/2
   393 | D:1      | Found a faded altar of an unknown god.
   599 | D:1      | Reached XP level 3. HP: 25/31 MP: 4/4
   803 | D:2      | Reached skill level 1 in Spellcasting
   951 | D:2      | Reached XP level 4. HP: 26/38 MP: 5/5
  1155 | D:2      | Identified the ring "Gianowev" {Wiz Int+5}
  1173 | D:2      | Noticed Robin
  1189 | D:2      | Killed Robin
  1688 | D:3      | Reached skill level 4 in Shields
  2157 | D:3      | Reached XP level 5. HP: 33/45 MP: 7/7
  3015 | D:4      | Found a staircase to the Ecumenical Temple.
  3026 | D:4      | HP: 1/45 [poisoned by a scorpion]
  3026 | D:4      | Mangled by a scorpion

Illustrated notes

Levels and vault maps discovered:
D:1:      dpeg_arrival_houses_and_road, layout_rooms,
          nicolae_ecumenical_lake_church, nicolae_wormholes
D:2:      layout_loops_ring, uniq_robin
D:3:      cheibrodos_thug_alley, layout_basic
D:4:      layout_cave_pools, kennysheep_mini, minmay_temple_entry_gardened_gates

Skill      XL: |  1  2  3  4 |
---------------+-------------+-----
Spellcasting   | 1 |  1.9
Dodging        | 3 |  3.4
Axes           | 3 |  3.9
Shields        | 4 |  4.4
Fighting       | |  3.2

Action                   |  1- 3 |  4- 6 || total
-------------------------+-------+-------++-------
Melee: War axe           |    74 |   149 ||   223
       Tailslap          |     9 |    17 ||    26
  Use: Potion            |       |     1 ||     1
Armor: Skin              |    25 |    50 ||    75
Dodge: Dodged            |    47 |    82 ||   129
Block: Buckler           |    22 |    33 ||    55
